 Dungeon Sprint DCSS version 0.28-a0-1234-g826d19b2e0 (webtiles) character file.

Game seed: 1549043816313778524

44 mhtbhm the Skirmisher (level 3, 0/37 HPs)
             Began as a Minotaur Fighter on Dec 24, 2021.
             Slain by an iguana (9 damage)
             ... in the Dungeon (Sprint IX: "|||||||||||||||||||||||||||||").
             The game lasted 00:00:08 (32 turns).

mhtbhm the Skirmisher (Minotaur Fighter)              Turns: 32, Time: 00:00:08

Health: 0/37       AC:  7    Str: 22    XL:     3   Next: 39%
Magic:  2/2        EV:  9    Int:  5    God:
Gold:   0          SH:  5    Dex:  9    Spells: 2/2 levels left

rFire   . . .      SeeInvis .   a - +0 long sword
rCold   . . .      Faith    .   c - +0 buckler
rNeg    . . .      Spirit   .   b - +0 scale mail
rPois   .          Reflect  .   (helmet restricted)
rElec   .          Harm     .   (no cloak)
rCorr   .          Rampage  .   (no gloves)
Will    .....      NoTele   +   (no boots)
Stlth   ..........              (no amulet)
HPRegen 0.12/turn               (no ring)
MPRegen 0.08/turn               (no ring)

@: no status effects
A: horns 2, retaliatory headbutt
a: no special abilities


You were in the Dungeon.
You visited 1 branch

Inventory:

Hand Weapons
 a - a +0 long sword (weapon)
Armour
 b - a +0 scale mail (worn)
 c - a +0 buckler (worn)
Scrolls
 j - a scroll of blinking
Potions
 d - a potion of might
 e - a potion of curing
 f - a potion of heal wounds
 g - a potion of haste
 h - 2 potions of magic
 i - a potion of berserk rage


   Skills:
 + Level 5.8 Fighting
 + Level 3.7 Long Blades
 + Level 5.7 Armour
 + Level 5.5 Shields


You had 2 spell levels left.
You didn't know any spells.
Your spell library was empty.

Dungeon Overview and Level Annotations

Branches:
Dungeon (1/1)

Altars:


Innate Abilities, Weirdness & Mutations

You have a pair of horns on your head.
You reflexively headbutt those who attack you in melee.


Message History

You closely miss the hound. You block the hound's attack.
The hound barely misses you.
You slash the hound!
The hound is heavily wounded.
The hound bites you. x2
You closely miss the hound. Your headbutt misses the hound.
The hound is heavily wounded.
The hound bites you. The hound bites you but does no damage.
You slash the hound!
The hound is almost dead.
The hound bites you but does no damage. x2
You hit the hound.
You kill the hound!
Your Fighting skill increases to level 5!
Your Armour skill increases to level 5!
Your Shields skill increases to level 5!
You have reached level 3!
Your experience leads to an increase in your attributes!
Increase (S)trength, (I)ntelligence, or (D)exterity?
You feel stronger. x2
Unknown command.
You hit the iguana but do no damage. You block the iguana's attack.
You block the orc's attack.
You barely miss the iguana.
You headbutt the iguana, but do no damage.
You block the iguana's attack. The orc hits you but does no damage.
You barely miss the iguana. You block the iguana's attack.
The orc barely misses you. The iguana barely misses you.
You barely miss the iguana.
The orc hits you from afar with a +0 trident.
The iguana bites you.
You hit the iguana.
The iguana is lightly wounded.
The orc hits you but does no damage. The iguana bites you.
The orc hits you from afar with a +0 trident.
* * * LOW HITPOINT WARNING * * *
You hit the iguana.
The iguana is moderately wounded.
The iguana bites you!
You die...

▓.▓
▓.▓
▓.▓
▓)▓
▓)▓
▓)▓
▓.▓
▓.▓
▓@▓
▓l▓
▓o▓
▓Z▓
▓Z▓
▓.▓
▓.▓
▓+▓


You could see an iguana, an orc, a bat skeleton and a jackal skeleton.

Vanquished Creatures
  A hound (D)
  A gnoll (D)
  A giant cockroach (D)
  A kobold (D)
  A frilled lizard (D)
  A goblin (D)
6 creatures vanquished.

Notes
Turn   | Place    | Note
-------+----------+-------------------------------------------
     0 | D        | mhtbhm the Minotaur Fighter began the quest for the Orb.
     0 | D        | Reached XP level 1. HP: 19/19 MP: 0/0
    14 | D        | Reached XP level 2. HP: 28/28 MP: 1/1
    27 | D        | Reached skill level 5 in Fighting
    27 | D        | Reached skill level 5 in Armour
    27 | D        | Reached skill level 5 in Shields
    27 | D        | Reached XP level 3. HP: 29/37 MP: 2/2
    32 | D        | Slain by an iguana

Illustrated notes

Levels and vault maps discovered:
D:        linesprint [early_d, line_temple, items_1, d_10, items_2, lair_1,
          lair_end, items_3, orc_1, orc_end, items_4, d_15, swamp_1, shoals_1,
          snake_1, spider_1, d_20, vaults_1, items_5, swamp_end, shoals_end,
          snake_end, spider_end, vaults_end, d_27, items_6, zot_1, zot_end,
          crypt_end, forest_end, elf_end, slime_end, tomb_end, abyss_end,
          pan_hell_end]

Skill      XL: |  1  2 |
---------------+-------+-----
Fighting       | 4 5 |  5.8
Armour         | 4 5 |  5.7
Shields        | 4 5 |  5.5
Long Blades    | 3 |  3.7

Action                   || total
-------------------------++-------
Melee: Long sword        ||    22
       Headbutt          ||     1
Armor: Scale mail        ||     6
Dodge: Dodged            ||    11
Block: Buckler           ||     6

Table legend: (Time is in decaauts)
 A = Elapsed time spent in this place.
 B = Non-inter-level travel time spent in this place.
 C = Inter-level travel time spent in this place.
 D = Time resting spent in this place.
 E = Time spent auto-exploring this place.
 F = Levels seen in this place.
 G = Mean time per level.
                   A        B        C        D        E       F      G
               +--------+--------+--------+--------+--------+-----+--------+
         Total |     37 |     37 |      0 |      0 |      0 |   1 |   37.0 |
       Dungeon |     37 |     37 |      0 |      0 |      0 |   1 |   37.0 |
               +--------+--------+--------+--------+--------+-----+--------+

Top non-repeatable levels by time:
       D: 37 daAuts
